Description

Good build for platina players

Build Order

Get SALT Encoding   

  14  0:20  Pylon  
  16  0:46  Gateway  Probe goes scout. 3 stalkers
  17  0:54  Assimilator  
  20  1:30  Nexus  
  20  1:37  Cybernetics Core  
  21  1:46  Assimilator  
  22  1:55  Pylon  Core finishes → Stalker + Warpgate + chrono both
  25  2:10  Robotics Facility  Observ, immortal
  33  2:50  Gateway  2x + pylon, 2x Colossus
  53  4:20  Robotics Facility  +robo bay
  70  5:00  Assimilator  2 full bases
Spawning Tool Build Advisor. Get it on Overwolf

Analysis

enter image description here

Go to:

Details

  • Created by: dreepax
  • Published on: Nov 08, 2024
  • Modified on: Nov 08, 2024
  • Patch: 5.0.11
  • Difficulty: Medium
Show
View Real Time Build Order
Export as new Build Order

Comments (0)

There are no comments. Be the first!

Create an account to comment!